 Dungeon Crawl Stone Soup version 0.23.2-40-g277498a001 (webtiles) character file.

Game seed: 13240957040851161994

1642 Descartes the Skirmisher (level 9, -1/105 HPs)
             Began as a Formicid Abyssal Knight on Oct 15, 2019.
             Was an Elder of Lugonu.
             Succumbed to Blork the orc's poison
             ... on level 6 of the Dungeon.
             The game lasted 00:19:01 (7712 turns).

Descartes the Skirmisher (Formicid Abyssal Knight)  Turns: 7712, Time: 00:19:02

Health: -1/105     AC: 24    Str: 20    XL:     9   Next: 19%
Magic:  13/13      EV:  2    Int: 12    God:    Lugonu [****..]
Gold:   368        SH:  0    Dex: 10    Spells: 8/8 levels left

rFire    . . .     SeeInvis .   a - +1 falchion
rCold    . . .     Gourm    .   (no shield)
rNeg     + + +     Faith    .   (armour currently unavailable)
rPois    +         Spirit   .   (helmet unavailable)
rElec    .         Reflect  .   (cloak currently unavailable)
rCorr    +         Harm     .   (gloves currently unavailable)
MR       .....                  (boots currently unavailable)
Stlth    +.........             (no amulet)
HPRegen  0.27/turn              r - ring of resist corrosion
MPRegen  0.13/turn              (no ring)

@: lethally poisoned (-1 -> -23), tree-form
A: permanent stasis, dig shafts and tunnels, four strong arms
a: Depart the Abyss, Bend Space, Banish, Corrupt, Renounce Religion


You were on level 6 of the Dungeon.
You worshipped Lugonu.
Lugonu was greatly pleased with you.
You were not hungry.
You were a tree.
You visited 1 branch of the dungeon, and saw 6 of its levels.
You visited the Abyss 1 time.
You also visited: Ossuary.

You collected 368 gold pieces.

Inventory:

Hand Weapons
 a - a +1 falchion (weapon)
 B - a +2 flail of crushing
Missiles
 f - 44 sling bullets
 h - 41 bolts
 j - 16 poisoned needles
 m - 48 arrows
 o - 182 stones (quivered)
 D - 2 tomahawks
Armour
 i - a +0 pair of boots (melded)
 k - a +0 chain mail (melded)
 u - a +1 robe of fire resistance
 v - a +0 cloak (melded)
 E - a +0 pair of gloves (melded)
Jewellery
 e - an uncursed ring of ice
 r - a ring of resist corrosion (left branch)
Wands
 y - a wand of random effects (11)
Scrolls
 b - a scroll of random uselessness {unknown}
 p - a scroll of blinking {unknown}
 q - 6 scrolls of remove curse
 x - 3 scrolls of identify
 z - 2 scrolls of noise {unknown}
 C - a scroll of fog {unknown}
 F - a scroll of amnesia {unknown}
 H - a scroll of magic mapping
Potions
 d - a potion of brilliance {unknown}
 n - a potion of haste {unknown}
 s - 2 potions of degeneration {unknown}
 t - 2 potions of flight {unknown}
 w - a potion of agility
 A - a potion of ambrosia {unknown}
 G - 4 potions of curing {unknown}
Comestibles
 c - 13 rations


   Skills:
 + Level 6.3 Fighting
 + Level 5.2 Long Blades
 + Level 5.7 Armour
 + Level 4.4 Dodging
 + Level 6.2 Invocations


You had 8 spell levels left.
You didn't know any spells.
Your spell library was empty.

Dungeon Overview and Level Annotations

Branches:
Dungeon (6/15)
 Temple: D:4-7

Altars:
Dithmenos
Hepliaklqana
Makhleb
Qazlal
Ru
Trog
Wu Jian

Annotations:
D:3 1 runed translucent door, Crazy Yiuf
D:5 3 runed translucent doors, Kavlax's ghost, novice GrFi
D:6 Blork the orc


Innate Abilities, Weirdness & Mutations

You cannot be hasted, slowed, berserked, paralysed or teleported.
You can dig through walls and to a lower floor.
Your four strong arms can wield two-handed weapons with a shield.
((You have a pair of large antennae on your head. (SInv)))


Message History

You hear the brisk rusting of a very distant drain.
* * * LOW HITPOINT WARNING * * *
You feel sick.
Blork the orc hits you but does no damage.
You are more poisoned.
Blork the orc hits you but does no damage.
You eat one of the 14 rations.
That ration really hit the spot!
* * * LOW HITPOINT WARNING * * *
You feel very sick. Blork the orc casts a spell at you.
The puff of frost hits you.
* * * LOW HITPOINT WARNING * * *
You completely miss Blork the orc.
Blork the orc is severely wounded.
* * * LOW HITPOINT WARNING * * *
You feel sick.
Blork the orc hits you but does no damage.
You slash Blork the orc!
Blork the orc is almost dead.
You die...

*
#....##......##.....#*
*
#...o##.....#####'####
#....##...............
#.!..##..........#.###
*,#...p............###
*,##.#####...........#
*,*##.# #.#########.#
*,*#o## #.#.#######.#
*,*##♣# #.#.........#
*,* ### #.#.#########
*,* #.#.#....<..# *,*
#.#.#.###.#.# *,*
*,#.#,,...#.# *,*
*,#.#######.#
*,********,#.........#
*,,,,,,,,,,###########
************


You could see Blork the orc.

Vanquished Creatures
  Sigmund (D:5)
  A wraith (Ossuary)
  Menkaure (D:4)
  Edmund (D:4)
  A slave (D:6)
  2 phantoms
  A sky beast (D:3)
  An ogre (D:2)
  A centaur (D:5)
  A crimson imp (D:5)
  2 centaur skeletons
  5 orc priests
  2 orc wizards
  A bullfrog skeleton (D:5)
  Terence (D:3)
  A worker ant (D:4)
  2 mummies
  8 adders
  A shadow imp (D:5)
  3 oozes
  2 worms
  3 dart slugs
  7 leopard geckos
  23 orcs
  A ball python (D:4)
  6 giant cockroaches
  10 goblins
  14 hobgoblins
  6 jackals
  9 kobolds
  A quokka (D:2)
  A ball python zombie (D:5)
  14 bats
  6 frilled lizards
  6 gnoll skeletons (Ossuary)
  8 kobold skeletons (Ossuary)
  A leopard gecko skeleton (D:5)
  11 orc skeletons (Ossuary)
  11 rats
177 creatures vanquished.

Vanquished Creatures (others)
  An orc priest (D:4)
1 creature vanquished.

Grand Total: 178 creatures vanquished

Notes
Turn   | Place    | Note
-------+----------+-------------------------------------------
     0 | Abyss:1  | Descartes the Formicid Abyssal Knight began the quest for
                  | the Orb.
     0 | Abyss:1  | Reached XP level 1. HP: 18/18 MP: 2/2
    17 | Abyss:1  | Found a corrupted altar of Lugonu.
    37 | Abyss:1  | Noticed a ynoxinul
    66 | Abyss:1  | Noticed a small abomination
    67 | D:1      | Escaped the Abyss
    85 | D:1      | Reached skill level 1 in Dodging
   129 | D:1      | Reached XP level 2. HP: 18/24 MP: 3/3
   157 | D:1      | Reached * piety under Lugonu
   461 | D:1      | Reached XP level 3. HP: 17/29 MP: 4/4
   963 | D:2      | Found a bloodstained altar of Trog.
   964 | D:2      | Found a hazy altar of Hepliaklqana.
   975 | D:2      | Found a shadowy altar of Dithmenos.
   976 | D:2      | Found a burning altar of Makhleb.
  1061 | D:2      | Reached XP level 4. HP: 26/37 MP: 6/6
  1576 | D:2      | Reached XP level 5. HP: 24/42 MP: 7/7
  2041 | D:3      | Noticed Terence
  2278 | D:3      | Killed Terence
  2405 | D:3      | Noticed a sky beast
  2422 | D:3      | Killed a sky beast
  2422 | D:3      | Reached XP level 6. HP: 37/49 MP: 8/8
  2437 | D:3      | Reached ** piety under Lugonu
  2596 | D:3      | Noticed an ogre
  2617 | D:2      | Killed an ogre
  2851 | D:2      | Reached XP level 7. HP: 47/55 MP: 10/10
  3317 | D:3      | Found a runed translucent door.
  3318 | D:3      | Noticed Crazy Yiuf
  4489 | D:4      | Reached skill level 5 in Fighting
  4924 | D:4      | Reached XP level 8. HP: 9/62 MP: 11/11
  5195 | D:4      | Noticed Edmund
  5227 | D:4      | Killed Edmund
  5227 | D:4      | Reached skill level 5 in Invocations
  5652 | D:4      | Noticed Menkaure
  5671 | D:4      | Killed Menkaure
  5671 | D:4      | Reached skill level 5 in Armour
  6006 | D:4      | Reached *** piety under Lugonu
  6040 | D:4      | Found a stormy altar of Qazlal.
  6158 | D:5      | Entered Level 5 of the Dungeon
  6414 | D:5      | Found a runed translucent gate.
  6414 | D:5      | Found a runed translucent gate.
  6414 | D:5      | Found a runed translucent gate.
  6414 | D:5      | Noticed Kavlax's ghost (novice GrFi)
  6712 | D:5      | Found a stormy altar of Qazlal.
  6731 | D:5      | Found an ornate altar of the Wu Jian Council.
  6880 | D:5      | Noticed Sigmund
  6904 | D:5      | Killed Sigmund
  6904 | D:5      | Reached skill level 5 in Long Blades
  6904 | D:5      | Reached XP level 9. HP: 49/69 MP: 13/13
  7268 | D:5      | Found a sacrificial altar of Ru.
  7399 | D:6      | Found a sand-covered staircase.
  7413 | Ossuary  | Entered an ossuary
  7506 | Ossuary  | HP: 1/69 [wraith (6)]
  7586 | Ossuary  | Reached **** piety under Lugonu
  7681 | D:6      | Noticed Blork the orc
  7710 | D:6      | HP: 3/105 [Blork the orc/puff of frost (5)]
  7711 | D:6      | HP: 1/105 [poisoned by Blork the orc]
  7712 | D:6      | Succumbed to Blork the orc's poison

Skill      XL: |  1  2  3  4  5  6  7  8  9 |
---------------+----------------------------+-----
Dodging        | 1 2 3 4 |  4.4
Invocations    | 3 4 5 6 |  6.2
Armour         | 3 4 5 |  5.7
Fighting       | 4 5 6 |  6.3
Long Blades    | 3 4 5 |  5.2

Action                   |  1- 3 |  4- 6 |  7- 9 || total
-------------------------+-------+-------+-------++-------
Melee: Falchion          |   115 |   194 |   530 ||   839
Invok: Depart the Abyss  |     1 |       |       ||     1
 Abil: Dig               |       |       |     3 ||     3
  Use: Scroll            |       |     3 |     4 ||     7
       Potion            |       |       |     5 ||     5
  Eat: Chunk             |     1 |     2 |     9 ||    12
       Ration            |       |     1 |     3 ||     4
Armor: Leather armour    |     9 |       |       ||     9
       Scale mail        |    32 |       |       ||    32
       Chain mail        |    29 |   143 |   297 ||   469
       Skin              |       |       |    10 ||    10
Dodge: Dodged            |    67 |   101 |   266 ||   434
       Rpst.: Falchion   |    17 |    29 |    90 ||   136
